 Dungeon Crawl Stone Soup version 0.31.0-11-ge490571c62 (webtiles) character file.

Game seed: 1381141703679953394

1561439 bluebelleknoll the Conqueror (level 26, 179/266 HPs)
             Began as a Minotaur Monk on Feb 6, 2024.
             Was a High Priest of Trog.
             Escaped with the Orb
             ... and 3 runes
             ... and 1 gem on Feb 7, 2024!
             The game lasted 07:39:13 (94255 turns).

bluebelleknoll the Conqueror (Minotaur Monk)       Turns: 94255, Time: 07:39:13

Health: 179/266    AC: 43    Str: 29    XL:     26   Next: 58%
Magic:  16/22      EV: 18    Int:  1    God:    Trog [*****.]
Gold:   3181       SH:  0    Dex: 16    Spells: 25/25 levels left

rFire   + + +        R - +11 plutonium sword {^Contam Stlth-}
rCold   + + +        (shield currently unavailable)
rNeg    + . .        Z - +10 plate armour {Will+}
rPois   .            (helmet restricted)
rElec   +            f - +2 cloak of Hedging {rElec rC+++ Regen+ Int-5}
rCorr   .            V - +3 pair of gauntlets of War {Slay+5}
SInv    +            D - +2 pair of boots
Will    +++..        d - amulet "Ime Kiut" {Faith Rampage rF+++ Dex-5} Stlth
                     e - +6 ring of dexterity
HPRegen 1.44/turn    Y - ring "Roihaqu" {rC+ rN+ SInv}
MPRegen 0.18/turn

%: rampage, faith
@: enlightened, flying
A: horns 2, retaliatory headbutt, talons 1, iridescent scales 1, strong 1,
teleportitis 1, subdued magic 1, MP-powered wands
0: Orb of Zot
}: 3/15 runes: barnacled, silver, gossamer
a: Renounce Religion, Berserk, Trog's Hand, Brothers in Arms


You escaped.
You worshipped Trog.
Trog was extremely pleased with you.
You visited 10 branches of the dungeon, and saw 50 of its levels.
You visited the Abyss 1 time.
You visited 1 bazaar.
You also visited: Ice Cave.

You collected 9592 gold pieces.
You spent 6411 gold pieces at shops.

Inventory:

Hand Weapons
 R - the +11 plutonium sword (weapon) {^Contam Stlth-}
   (You bought it in a shop on level 2 of the Orcish Mines)

   ^Contam:   It causes magical contamination when unequipped.
   Stlth-:    It makes you less stealthy.
Missiles
 n - 17 curare-tipped darts
 E - 6 throwing nets
Armour
 f - the +2 cloak of Hedging (worn) {rElec rC+++ Regen+ Int-5}
   (You acquired it on level 2 of the Realm of Zot)

   Int-5:     It affects your intelligence (-5).
   rC+++:     It renders you almost immune to cold.
   rElec:     It insulates you from electricity.
   Regen+:    It increases your rate of health regeneration.
 z - the +2 ratskin cloak {*Rats rPois rN+ Str-1 Int-1 Dex+1}
   (You found it on level 5 of the Dungeon)

   *Rats:     When the wearer is hurt, rats may emerge from it to assist them.
   Str-1:     It affects your strength (-1).
   Int-1:     It affects your intelligence (-1).
   Dex+1:     It affects your dexterity (+1).
   rPois:     It protects you from poison rN+: It protects you from negative
   energy.
 D - a +2 pair of boots (worn)
 V - the +3 pair of gauntlets of War (worn) {Slay+5}
   (You acquired it on level 1 of the Realm of Zot)

   Slay+5:    It affects your accuracy & damage with ranged weapons and melee
   (+5).
 Z - a +10 plate armour of willpower (worn)
Jewellery
 a - a +4 ring of protection
 d - the amulet "Ime Kiut" (around neck) {Faith Rampage rF+++ Dex-5}
   (You acquired it on level 3 of the Crypt)

   [amulet of faith]

   Faith:     It allows you to gain divine favour quickly.
   Dex-5:     It affects your dexterity (-5).
   rF+++:     It renders you almost immune to fire.
   Rampage:   It bestows one free step when moving towards enemies.
 e - a +6 ring of dexterity (left hand)
 k - a ring of resist corrosion
 Y - the ring "Roihaqu" (right hand) {rC+ rN+ SInv}
   (You found it on level 5 of the Vaults)

   [ring of protection from cold]

   rC+:       It protects you from cold.
   rN+:       It protects you from negative energy.
   SInv:      It lets you see invisible.
Wands
 g - a wand of acid (17)
 i - a wand of mindburst (51)
 j - a wand of digging (10)
 l - a wand of flame (79) (quivered)
 q - a wand of charming (58)
 S - a wand of roots (64)
 T - a wand of polymorph (2)
Scrolls
 b - 2 scrolls of immolation
 r - a scroll of blinking
 s - 2 scrolls of enchant weapon
 t - 6 scrolls of teleportation
 v - 3 scrolls of poison
 w - 2 scrolls of silence
 A - 42 scrolls of identify
 L - a scroll of enchant armour
 M - 3 scrolls of fog
 O - 2 scrolls of vulnerability
 Q - 4 scrolls of fear
 W - a scroll of summoning
Potions
 c - 8 potions of ambrosia
 h - 8 potions of curing
 m - 4 potions of heal wounds
 o - 2 potions of might
 u - 2 potions of haste
 x - 4 potions of cancellation
 B - 8 potions of attraction
 C - 7 potions of mutation
 F - 3 potions of enlightenment
 G - a potion of berserk rage
 I - 2 potions of resistance
 P - 11 potions of lignification
Miscellaneous
 p - a phantom mirror
 H - a lightning rod (4/4)
 U - a sack of spiders (inert)
 X - a phial of floods (inert)


   Skills:
 O Level 27 Fighting
 - Level 13.4(20.7) Short Blades
 O Level 27 Long Blades
 - Level 13.8 Maces & Flails
 - Level 12.3 Ranged Weapons
 - Level 5.5 Throwing
 - Level 20.0 Armour
 + Level 20.4 Dodging
 - Level 20.7 Shields
 - Level 13.5 Evocations


You had 25 spell levels left.
You didn't know any spells.
Your spell library contained the following spells:

 Spells                   Type           Power      Damage    Failure   Level
 Slow                     Hex            0%         N/A       95%         1
 Ensorcelled Hibernation  Hex/Ice        0%         N/A       99%         2
 Confusing Touch          Hex            0%         N/A       100%        3
 Fugue of the Fallen      Necr           0%         N/A       100%        3
 Sigil of Binding         Hex            0%         N/A       100%        3
 Tukima's Dance           Hex            0%         N/A       100%        3
 Vampiric Draining        Necr           0%         2d6       100%        3
 Anguish                  Hex/Necr       0%         N/A       100%        4
 Passage of Golubria      Tloc           0%         N/A       100%        4
 Yara's Violent Unravell  Hex/Alch       0%         3d3       100%        5


Dungeon Overview and Level Annotations

Branches:
Dungeon (15/15)            Temple (0/1) D:5            Lair (5/5) D:10
 Shoals (4/4) Lair:3       Spider (4/4) Lair:2        Slime (0/5) Lair:4
    Orc (2/2) D:11            Elf (3/3) Orc:2        Vaults (5/5) D:13
  Crypt (3/3) Vaults:3       Tomb (0/3) Crypt:3      Depths (4/4) D:15
    Zot (5/5) Depths:4      IceCv (visited)

Altars:
Ashenzari
Cheibriados
Dithmenos
Fedhas
Kikubaaqudgha
Makhleb
Nemelex Xobeh
Qazlal
Ru
Sif Muna
Trog
Uskayaw
Vehumet
Wu Jian
Xom
Yredelemnul
Zin
Jiyva

Shops:
D:2 :   D:15 (   Orc:2 [*(=   Elf:1 *   Elf:2 ::=   Elf:3 [   Vaults:1 *
Depths:1 :

Portals:
Hell: Depths:1 Depths:2 Depths:3 Depths:4
Abyss: Zot:2 Depths:3 Depths:4
Pandemonium: Depths:2
Ziggurat: Depths:3

Annotations:
D:10 exclusion: downstairs
Lair:2 exclusion: downstairs
Shoals:4 Polyphemus
Spider:1 2 transporters
Orc:1 exclusion: downstairs
Elf:3 Bai Suzhen
Vaults:1 exclusion: downstairs
Vaults:2 exclusion: upstairs
Depths:2 exclusion: 2 downstairs
Depths:3 exclusion: ice statue
Depths:4 1 exclusion, Mennas
Zot:2 2 transporters, boberto's ghost, veteran DgSh
Zot:3 1 transporter


Innate Abilities, Weirdness & Mutations

You have a pair of horns on your head.
You reflexively headbutt those who attack you in melee.
You have sharp toenails.
You are partially covered in iridescent scales. (AC +2)
Your muscles are strong. (Str +4, Int/Dex -1)
You are occasionally teleported next to monsters.
Your spells are a little easier to cast, but a little less powerful.
You expend magic power (3 MP) to strengthen your wands.


Message History

Here: a tormentor The floor.
You reach into the sack... ...and things crawl out!
The sack is emptied!
The tormentor calls on the powers of darkness!
Your culicivora convulses!
Your body is wracked with pain!
Your jumping spider convulses! x2
Okay, then.
Okay, then.
You feel very buoyant.
You fly up into the air.
Your culicivora chitters at your jumping spider.
Your jumping spider is healed somewhat.
Your jumping spider leaps!
Your jumping spider leaps!
The tormentor closely misses you. You furiously retaliate!
You headbutt the tormentor! The tormentor closely misses you.
You open the tormentor like a pillowcase!!!
You kill the tormentor!
Trog accepts your kill.
Aiming: Dig
Press: ? - help, Shift-Dir - straight line A rock wall.
This square is covered in magical glow.
You feel a surge of power!
The rock shatters into small pieces.
Aiming: Dig
Press: ? - help, Shift-Dir - straight line This square is covered in magical glow.
You feel a surge of power!
The rock shatters into small pieces.
Aiming: Dig
Press: ? - help, Shift-Dir - straight line This square is covered in magical glow.
You feel a surge of power!
The rock shatters into small pieces.
You are starting to lose your buoyancy.
Okay, then.
You feel more buoyant.
A Brimstone Fiend comes into view.
Blink to where?
Press: ? - help, Dir - move target
As you read the scroll of blinking, it crumbles to dust.
You have escaped!

#.# #.###.#######
########.#######...........#
#.............######.#####.#
#.######.~≈~~.≈~~###.# ##.##
#####.# #≈≈≈≈.≈≈≈≈~##.#
#...# ......#
#≈≈≈.≈≈≈≈≈≈~..# ##.##
...#### #≈≈~~.~~≈≈≈≈### #.#
##.# #≈≈~...~≈≈≈~## #.#
##.#########≈~.©@©.~≈≈≈~#
#.#
.......ss.ss≈≈~.⌠.~~≈≈≈≈#
#.#
##.#########≈≈≈~~~~≈≈≈≈≈##
#.# ##.# ####≈≈≈≈≈≈≈≈≈≈≈≈~#
#.# ##.#
##...1≈≈≈≈≈~~~~≈≈≈#####.#
##.#
#.....≈≈≈≈≈~.⌠.~~≈......#
...#
#..###~≈≈≈~.©>©.~≈.######
#..# #..# ##~≈≈≈~...~~≈.#
...# ###..# #≈≈≈≈≈~~~≈≈≈.#


You could see a Brimstone Fiend, a friendly jumping spider (summoned) and a
friendly redback (summoned).

Vanquished Creatures
  3 dread liches
  Frederick (Depths:3)
  2 ancient liches (Zot:5)
  5 orbs of fire
  6 Killer Klowns
  Vv (Crypt:2)
  Saint Roka (Crypt:1)
  A curse toe (Zot:1)
  A caustic shrike (Zot:3)
  12 golden dragons
  Jory (Crypt:3)
  A profane servitor (Crypt:3)
  2 bone dragons
  Norris (Depths:2)
  Arachne (Spider:3)
  Rupert (Lair:2)
  4 electric golems
  Jorgrun (D:15)
  14 tentacled monstrosities
  Asterion (Spider:4)
  A Hell Sentinel (D:15)
  22 Orb Guardians
  5 titans (Vaults:5)
  Zenata (Vaults:1)
  11 quicksilver dragons
  3 sphinxes
  8 death cobs
  4 liches
  An Executioner (Depths:1)
  7 ancient champions
  Aizul (Spider:4)
  6 tengu reavers
  12 shadow dragons
  Kirke (Lair:4)
  5 draconian monks
  17 storm dragons
  A revenant (Crypt:3)
  A fenstrider witch (Depths:4)
  3 protean progenitors (Zot:1)
  9 fire giants
  3 frost giants
  7 draconian knights
  2 draconian shifters (Zot:5)
  15 vault wardens
  2 iron dragons (Depths:3)
  3 balrugs
  3 emperor scorpions
  4 deep elf sorcerers (Elf:3)
  9 draconian scorchers
  A juggernaut zombie (Crypt:1)
  2 deep elf elementalists
  3 orc warlords
  A caustic shrike zombie (Crypt:2)
  Louise (Elf:3)
  8 ghost moths
  14 ironbound preservers
  7 ghouls
  A draconian stormcaller (Zot:1)
  2 spriggan defenders (Depths:2)
  10 vampire knights
  9 stone giants
  8 green draconians
  8 very ugly things
  3 draconian annihilators
  2 deep elf demonologists (Elf:3)
  10 black draconians
  10 deep elf annihilators
  9 ironbound thunderhulks
  9 dire elephants
  5 purple draconians
  12 red draconians
  5 spark wasps
  9 white draconians
  4 deep elf death magi
  Azrael (Elf:2)
  3 yellow draconians
  5 war gargoyles
  3 eidola
  Snorg (D:11)
  4 merfolk javelineers
  12 ettins
  3 blizzard demons
  8 merfolk impalers
  3 crystal guardians (Vaults:4)
  22 yaktaur captains
  7 entropy weavers
  23 jiangshi
  8 great orbs of eyes
  11 fire dragons
  7 ice dragons
  9 deep elf high priests
  2 quicksilver dragon skeletons
  35 vault guards
  A hell beast (Depths:1)
  3 rakshasas
  A caustic shrike simulacrum (IceCv)
  A salamander tyrant (Depths:1)
  8 ironbound frosthearts
  5 hydras
  6 spriggan air magi
  An ogre mage (Orc:2)
  5 jorogumos
  9 centaur warriors
  A merfolk aquamancer (Shoals:4)
  An alligator snapping turtle (Shoals:1)
  An alligator (D:14)
  4 radroaches
  A sphinx zombie (Depths:2)
  3 catoblepae
  3 death knights
  2 merfolk avatars (Shoals:3)
  3 peacekeepers
  7 two-headed ogres
  11 boulder beetles
  31 dancing weapons
  4 deep troll earth magi
  5 deep troll shamans
  4 death yaks (Lair:5)
  5 hell hogs
  A sphinx skeleton (Vaults:3)
  10 spriggan berserkers
  15 tengu warriors
  7 vampire magi
  3 orc high priests (Orc:2)
  A titan zombie (Crypt:2)
  6 demonic crawlers
  Sonja (Lair:2)
  4 sun demons
  3 soul eaters (Depths:3)
  10 skysharks
  8 deep elf knights
  2 titan skeletons
  14 hell knights
  Amaemon (D:11)
  40 skeletal warriors
  8 iron trolls
  6 shadow wraiths
  A fire crab (D:10)
  A deep troll (shapeshifter) (Vaults:4)
  3 flayed ghosts (Crypt:3)
  9 arcanists
  38 deep trolls
  5 pharaoh ants
  6 orb spiders
  13 sea snakes
  2 quicksilver dragon simulacra (Depths:3)
  A glowing orange brain (shapeshifter) (Vaults:5)
  2 sea snakes (shapeshifter)
  3 glowing orange brains
  A swamp dragon (Zot:3)
  8 orc knights
  11 deep elf archers
  10 necromancers
  12 spriggan simulacra
  A kraken simulacrum (Shoals:4)
  6 large abominations
  An iron giant skeleton (Crypt:2)
  5 steelbarb worms
  6 phantasmal warriors
  23 ironbound convokers
  An alligator zombie (Crypt:1)
  15 harpies
  4 bog bodies
  An orange crystal statue (Vaults:1)
  An eleionoma zombie (Crypt:2)
  30 deep elf pyromancers
  47 ugly things
  26 deep elf zephyrmancers
  8 lindwurms
  6 cyclopes
  9 manticores
  4 orc sorcerers
  8 fauns
  20 wolf spiders
  31 moths of wrath
  A salamander (shapeshifter) (Depths:3)
  16 vault sentinels
  12 elephants
  3 merfolk sirens
  3 stone giant skeletons
  2 black mambas
  An eye of devastation (Lair:4)
  8 meliai
  5 water nymphs
  2 torpor snails
  An orange demon (D:11)
  A centaur skeleton (Crypt:3)
  An elephant slug zombie (Crypt:2)
  2 naga skeletons (Crypt:2)
  3 gargoyles
  2 rime drakes
  4 unseen horrors
  Maggie (D:10)
  16 cane toads
  A kobold demonologist (D:11)
  A yaktaur (shapeshifter) (Elf:3)
  A catoblepas zombie (Crypt:1)
  A yaktaur zombie (Vaults:3)
  An efreet (D:15)
  A minotaur zombie (Crypt:2)
  2 sea snake zombies
  28 yaktaurs
  A tormentor (D:1)
  5 tengu conjurers
  2 anaconda simulacra (Spider:2)
  4 komodo dragons
  8 ice devils
  Psyche (D:11)
  13 freezing wraiths
  A golden dragon simulacrum (IceCv)
  A harpy zombie (Crypt:2)
  2 guardian mummies (Crypt:1)
  A spectral harpy (Crypt:3)
  4 polar bears
  8 trolls
  19 merfolk
  A tengu simulacrum (Vaults:4)
  7 wind drakes
  2 glass eyes
  29 tarantellas
  6 hornets
  4 alligator simulacra
  A glass eye (shapeshifter) (Vaults:5)
  5 blink frogs (Lair:5)
  A snapping turtle (shapeshifter) (Vaults:5)
  9 snapping turtles
  6 dream sheep
  2 dream sheep (shapeshifter)
  A moth of wrath zombie (Crypt:2)
  An ettin zombie (Vaults:3)
  25 culicivoras
  21 jumping spiders
  10 small abominations
  4 air elementals
  A black mamba zombie (Crypt:1)
  4 shadows
  21 slime creatures
  A wyvern (Lair:1)
  3 dire elephant simulacra
  A spriggan (shapeshifter) (Elf:3)
  11 spriggans
  11 water elementals
  A yak (shapeshifter) (D:14)
  A vampire (D:10)
  9 wraiths
  46 yaks
  A warg (Orc:1)
  4 fire elementals
  A hog (Lair:4)
  5 fire bats
  A golden eye (shapeshifter) (Vaults:4)
  4 vampire mosquitoes (D:11)
  49 redbacks
  2 chaos spawn (Depths:4)
  A naga zombie (Crypt:2)
  3 acid dragons
  5 basilisks
  A steam dragon (D:7)
  Edmund (D:5)
  A hydra simulacrum (IceCv)
  15 minotaur simulacra (IceCv)
  A harpy simulacrum (IceCv)
  19 water moccasins
  2 hell hounds
  A two-headed ogre skeleton (Crypt:1)
  35 orc warriors
  2 ettin simulacra
  A sky beast (D:7)
  3 black bears (Lair:5)
  An ice beast (D:7)
  28 laughing skulls
  9 ogres
  A hog zombie (Crypt:1)
  13 wolves
  8 centaurs
  6 boggarts
  A lindwurm skeleton (Crypt:2)
  2 phantoms
  A dream sheep skeleton (Crypt:1)
  2 kobold brigands (D:7)
  14 bullfrogs
  7 necrophages
  An earth elemental (Elf:1)
  6 scorpions
  A naga simulacrum (Crypt:3)
  11 deep troll simulacra
  2 burial acolytes (Crypt:3)
  10 wights
  13 killer bees
  A lindwurm simulacrum (IceCv)
  4 electric eels
  A shapeshifter skeleton (Crypt:1)
  A howler monkey (D:9)
  A crimson imp (D:4)
  5 hounds
  A jelly (D:7)
  24 orc priests
  2 bombardier beetles
  2 sleepcaps (D:7)
  4 human skeletons (Crypt:1)
  3 iguanas
  Ijyb (D:3)
  23 orc wizards
  5 hell rats (Lair:5)
  A boggart zombie (Crypt:2)
  A deep dwarf skeleton (Crypt:1)
  4 mummies (Crypt:1)
  11 adders
  15 gnolls (D:4)
  A shadow imp (D:7)
  2 white imps
  9 ufetubi
  4 dart slugs
  76 orcs
  9 endoplasms
  3 giant cockroaches (D:1)
  9 goblins
  4 hobgoblins
  4 quokkas
  3 ball pythons
  5 bats
  A frilled lizard (D:2)
  A jackal skeleton (Crypt:1)
  11 kobolds
  A kobold zombie (Crypt:1)
  6 rats
  An aspiring flesh (Zot:1)
  A tentacle (Shoals:1)
2183 creatures vanquished.

Vanquished Creatures (collateral kills)
  An ancient lich (Vaults:4)
  A dread lich (Vaults:5)
  A Killer Klown (Zot:5)
  An electric golem (Zot:5)
  2 Orb Guardians (Zot:5)
  A deep elf blademaster (Elf:3)
  A titan (Depths:3)
  A deep elf master archer (Elf:3)
  Agnes (Elf:1)
  A shadow dragon (Vaults:5)
  A frost giant (Vaults:5)
  A fire giant (Zot:2)
  An emperor scorpion (Spider:4)
  A broodmother (Spider:4)
  A stone giant (Vaults:4)
  3 deep elf annihilators (Elf:3)
  A white draconian (Zot:1)
  A spark wasp (Spider:4)
  A deep elf death mage (Vaults:5)
  A yellow draconian (Zot:2)
  A dire elephant (Vaults:1)
  2 deep elf high priests (Elf:3)
  A jiangshi (Crypt:1)
  2 vault guards
  A merfolk impaler (Shoals:2)
  A yaktaur captain (Vaults:3)
  A hydra (D:15)
  A merfolk avatar (Shoals:4)
  A centaur warrior (Vaults:3)
  An ironbound frostheart (Vaults:4)
  3 death yaks
  A demonic crawler (Lair:2)
  A spriggan berserker (Depths:3)
  2 skeletal warriors
  A deep troll (Vaults:2)
  A deep elf archer (Elf:1)
  A flayed ghost (Crypt:3)
  A steelbarb worm (Lair:2)
  2 deep elf zephyrmancers (Elf:2)
  A deep elf pyromancer (Elf:1)
  An orc knight (Orc:2)
  2 cyclopes
  An orc sorcerer (Orc:2)
  3 wolf spiders
  2 fauns (Shoals:2)
  An elephant (Lair:2)
  A water nymph (shapeshifter) (Vaults:5)
  A merfolk siren (Shoals:2)
  A blink frog (Lair:5)
  3 culicivoras (Spider:4)
  A slime creature (Vaults:2)
  2 jumping spiders (Spider:4)
  A yak (Lair:5)
  5 redbacks
  A water moccasin (D:7)
  9 orc warriors
  An ogre (Orc:2)
  A wolf (Lair:5)
  A wight (D:7)
  2 killer bees (D:9)
  3 orc priests (Orc:2)
  3 orc wizards (Orc:2)
  6 orcs (Orc:2)
101 creatures vanquished.

Vanquished Creatures (others)
  A draconian knight (Zot:2)
  A fire giant (Zot:2)
  An ironbound thunderhulk (Vaults:1)
  A vampire knight (Crypt:1)
  A two-headed ogre (Orc:2)
  A hell knight (Vaults:5)
  A lindwurm (Lair:5)
  An orc sorcerer (Orc:2)
  2 moths of wrath
  A blink frog (Lair:5)
  A jumping spider (Spider:1)
  A fire bat (Lair:4)
  A human (Lair:4)
  A redback (Spider:2)
  An acid dragon (D:7)
  5 ettin simulacra (Depths:3)
  A wolf (Lair:5)
  2 burial acolytes (Crypt:3)
  3 killer bees
  An orc (D:5)
  45 tentacles
73 creatures vanquished.

Grand Total: 2357 creatures vanquished

Notes
Turn   | Place    | Note
-------+----------+-------------------------------------------
     0 | D:1      | bluebelleknoll the Minotaur Monk began the quest for the
                  | Orb.
     0 | D:1      | Reached XP level 1. HP: 19/19 MP: 0/0
    94 | D:1      | Reached XP level 2. HP: 27/27 MP: 1/1
   452 | D:1      | Reached XP level 3. HP: 34/34 MP: 2/2
   904 | D:2      | Found a shimmering altar of Xom.
  1124 | D:2      | Found Gogos's Book Emporium.
  1382 | D:2      | Reached skill level 1 in Armour
  1829 | D:3      | Reached XP level 4. HP: 32/41 MP: 3/3
  1875 | D:3      | Noticed Ijyb
  1879 | D:3      | Killed Ijyb
  1880 | D:3      | Reached skill level 5 in Fighting
  2096 | D:3      | Identified the +5 long sword "Kibbith" {flame, rC+ Int-4
                  | SInv}
  2214 | D:3      | Found a sacrificial altar of Ru.
  2222 | D:3      | Found a snail-covered altar of Cheibriados.
  2262 | D:4      | Noticed a scorpion
  2264 | D:4      | Killed a scorpion
  2265 | D:4      | Reached XP level 5. HP: 50/50 MP: 4/4
  2515 | D:4      | Reached skill level 1 in Evocations
  2727 | D:4      | Reached XP level 6. HP: 58/58 MP: 5/5
  3123 | D:4      | Found a shimmering blue altar of Sif Muna.
  3125 | D:4      | Found a bloodstained altar of Trog.
  3133 | D:4      | Became a worshipper of Trog the Wrathful
  3133 | D:4      | Reached * piety under Trog
  3133 | D:4      | Reached ** piety under Trog
  3174 | D:4      | You fall into a shaft and drop 3 floors!
  3342 | D:6      | Reached XP level 7. HP: 55/67 MP: 6/6
  3908 | D:5      | Entered Level 5 of the Dungeon
  3908 | D:5      | Found the +2 ratskin cloak {*Rats rPois rN+ Str-1 Int-1
                  | Dex+1}
  3942 | D:5      | Found a blossoming altar of Fedhas.
  4083 | D:5      | Found a staircase to the Ecumenical Temple.
  4141 | D:5      | Reached skill level 10 in Fighting
  4141 | D:5      | Reached XP level 8. HP: 51/79 MP: 7/7
  4144 | D:5      | Noticed Edmund
  4154 | D:5      | Killed Edmund
  4743 | D:4      | Found a radiant altar of Vehumet.
  4743 | D:4      | Found a burning altar of Makhleb.
  4756 | D:4      | Reached skill level 1 in Maces & Flails
  6421 | D:7      | Reached skill level 5 in Armour
  6491 | D:7      | Reached skill level 5 in Maces & Flails
  6706 | D:7      | Found a stormy altar of Qazlal.
  6715 | D:7      | Reached *** piety under Trog
  6754 | D:7      | Reached XP level 9. HP: 86/86 MP: 8/8
  7451 | D:8      | Noticed a red ugly thing
  7503 | D:8      | Found a glowing silver altar of Zin.
  7632 | D:8      | Found an ornate altar of the Wu Jian Council.
  7859 | D:8      | Killed a red ugly thing
  7860 | D:8      | Reached XP level 10. HP: 40/94 MP: 9/9
  8706 | D:9      | Reached **** piety under Trog
  8779 | D:9      | Found a hide-covered altar of Uskayaw.
  9245 | D:8      | Reached skill level 10 in Maces & Flails
  9245 | D:8      | Reached skill level 10 in Armour
  9261 | D:10     | Entered Level 10 of the Dungeon
  9331 | D:10     | Noticed a gargoyle
  9573 | D:10     | Noticed Maggie
  9578 | D:10     | Killed Maggie
  9966 | D:10     | Noticed a boulder beetle
  9989 | D:10     | Killed a boulder beetle
 10069 | D:10     | Killed a gargoyle
 10115 | D:10     | Found a shimmering altar of Xom.
 10147 | D:10     | Found a staircase to the Lair.
 10147 | D:10     | Noticed a fire crab
 10163 | D:10     | Killed a fire crab
 10864 | D:10     | Reached XP level 11. HP: 101/105 MP: 10/10
 10928 | Lair:1   | Entered Level 1 of the Lair of Beasts
 11401 | Lair:1   | Noticed a boulder beetle
 11409 | Lair:1   | Killed a boulder beetle
 11410 | Lair:1   | Reached skill level 1 in Throwing
 11866 | Lair:2   | Noticed a skyshark
 12045 | Lair:2   | Noticed Sonja
 12052 | Lair:2   | Killed Sonja
 12126 | Lair:2   | Killed a skyshark
 12527 | Lair:2   | Reached ***** piety under Trog
 12768 | Lair:2   | Reached XP level 12. HP: 117/117 MP: 11/11
 12906 | Lair:2   | Found a hole to the Spider Nest.
 13143 | Lair:3   | Noticed a catoblepas
 13156 | Lair:3   | Killed a catoblepas
 13157 | Lair:3   | Reached skill level 5 in Throwing
 13157 | Lair:3   | Reached XP level 13. HP: 116/125 MP: 12/12
 13161 | Lair:3   | Identified the +7 rapier "Roroacs" {holy, ^Fragile rPois
                  | rC+ Int+2}
 13243 | Lair:3   | Reached skill level 1 in Short Blades
 13508 | Lair:3   | Reached skill level 5 in Short Blades
 13532 | Lair:3   | Identified the +0 pair of gloves of Innata {Harm rElec
                  | rCorr Slay+3}
 13861 | Lair:3   | Found a staircase to the Shoals.
 14381 | Lair:3   | Received a gift from Trog
 15172 | Lair:4   | Found a staircase to the Slime Pits.
 15223 | Lair:4   | Found a viscous altar of Jiyva.
 15545 | Lair:4   | Noticed Kirke
 15565 | Lair:4   | Killed Kirke
 15566 | Lair:4   | Reached skill level 10 in Short Blades
 15925 | Lair:4   | You are sucked into a shaft and drop 1 floor!
 15925 | Lair:5   | Entered Level 5 of the Lair of Beasts
 16520 | D:11     | Noticed Psyche
 16585 | D:11     | Found a staircase to the Orcish Mines.
 16595 | Orc:1    | Entered Level 1 of the Orcish Mines
 17125 | D:11     | Killed Psyche
 17126 | D:11     | Reached XP level 14. HP: 133/133 MP: 13/13
 17444 | D:11     | Reached skill level 15 in Fighting
 17738 | D:11     | Identified the +1 demon blade "Hellblazer" {protect, Str+5
                  | Stlth+}
 18130 | D:11     | Noticed Amaemon
 18167 | D:11     | Killed Amaemon
 18399 | D:11     | Reached skill level 5 in Long Blades
 18534 | D:11     | Noticed Snorg
 18635 | D:12     | Found a sacrificial altar of Ru.
 19653 | D:13     | Found a gate to the Vaults.
 19653 | D:13     | Noticed an ironbound preserver
 19663 | D:13     | Killed an ironbound preserver
 19899 | D:13     | Identified the +2 short sword "Gewaffur" {freeze, rElec rC-
                  | MP+9 Dex+4}
 20027 | D:11     | Killed Snorg
 20040 | D:11     | Found a shimmering blue altar of Sif Muna.
 21406 | Orc:2    | Entered Level 2 of the Orcish Mines
 21468 | Orc:2    | Reached skill level 5 in Evocations
 21472 | Orc:2    | Noticed an orc warlord
 21760 | Orc:2    | Found a staircase to the Elven Halls.
 21876 | Elf:1    | Entered Level 1 of the Elven Halls
 22043 | Orc:2    | Killed an orc warlord
 22240 | Orc:2    | Reached skill level 10 in Long Blades
 22263 | Orc:2    | Reached XP level 15. HP: 144/144 MP: 14/14
 23007 | Orc:2    | Found Ewneez's Antique Armour Boutique.
 23007 | Orc:2    | Found Kukotis's Antique Weapon Boutique.
 23008 | Orc:2    | Found Cixucoys's General Store.
 23008 | Orc:2    | Found Tonuv's Jewellery Shop.
 23024 | Orc:2    | Bought a scroll of identify for 28 gold pieces
 23024 | Orc:2    | Bought 2 potions of haste for 280 gold pieces
 23027 | Orc:2    | Bought a +6 ring of dexterity for 504 gold pieces
 23663 | Lair:5   | Identified the +6 great sword of Integrity {heavy, rElec}
                  | (Trog gifted it to you on level 5 of the Lair of Beasts)
 23663 | Lair:5   | Received a gift from Trog
 23673 | Lair:5   | Reached ****** piety under Trog
 24888 | Spider:1 | Entered Level 1 of the Spider Nest
 24888 | Spider:1 | Noticed Rupert
 25045 | Shoals:1 | Entered Level 1 of the Shoals
 26555 | Shoals:3 | Received a gift from Trog
 26585 | Shoals:3 | Reached skill level 15 in Armour
 27221 | Shoals:2 | Reached XP level 16. HP: 128/155 MP: 15/15
 27492 | Shoals:3 | Identified the +1 great sword of Indomitability {vamp,
                  | Stlth+}
 27498 | Shoals:3 | Noticed a kraken
 27507 | Shoals:4 | Entered Level 4 of the Shoals
 28470 | D:15     | Entered Level 15 of the Dungeon
 28471 | D:15     | Found Bolaecs's Weapon Boutique.
 28794 | D:15     | Noticed Jorgrun
 28822 | D:15     | Killed Jorgrun
 30142 | D:15     | Identified the +4 dire flail of Honkaez {antimagic, rF+}
                  | (Trog gifted it to you on level 15 of the Dungeon)
 30142 | D:15     | Received a gift from Trog
 30199 | D:15     | Found a staircase to the Depths.
 30210 | Depths:1 | Entered Level 1 of the Depths
 30221 | Depths:1 | Noticed a tengu reaver
 30957 | Elf:1    | Paralysed by an air elemental for 1 turns
 31264 | Elf:1    | Noticed Agnes
 31272 | Elf:1    | Killed Agnes
 31480 | Elf:1    | Found Vuadir's Gadget Gallery.
 31894 | Elf:1    | Paralysed by an air elemental for 1 turns
 32054 | Elf:1    | Received a gift from Trog
 32625 | Elf:2    | Noticed Azrael
 32724 | Elf:2    | Killed Azrael
 32864 | Elf:2    | Found Axtuibb's Book Shop.
 32872 | Elf:2    | Found Senentevug's Jewellery Emporium.
 32873 | Elf:2    | Found Hil Tops's Book Shop.
 33157 | Elf:2    | Reached XP level 17. HP: 135/172 MP: 16/16
 33779 | Elf:3    | Entered Level 3 of the Elven Halls
 33889 | Elf:3    | Noticed Louise
 33904 | Elf:3    | Killed Louise
 33957 | Elf:3    | Paralysed by an air elemental for 1 turns
 34128 | Elf:3    | Reached skill level 1 in Shields
 34135 | Elf:3    | Received a gift from Trog
 34180 | Elf:3    | Noticed a deep elf blademaster
 34189 | Elf:3    | Killed a deep elf blademaster
 34729 | Elf:3    | Noticed a Brimstone Fiend
 34739 | Elf:3    | Reached skill level 5 in Shields
 34748 | Elf:3    | Noticed a deep elf master archer
 35066 | Elf:3    | Identified the +9 quarterstaff of Myameocw {protect, rF+}
 35208 | Elf:3    | Noticed Bai Suzhen
 35503 | Elf:2    | Found a runed translucent gate.
 35505 | Elf:2    | Found a runed translucent gate.
 35506 | Elf:2    | Found a runed translucent gate.
 35904 | Elf:2    | Reached skill level 10 in Shields
 37006 | Lair:5   | Received a gift from Trog
 37644 | Lair:2   | Killed Rupert
 38267 | Lair:2   | Reached XP level 18. HP: 185/185 MP: 17/17
 39638 | Shoals:4 | Noticed Polyphemus
 40799 | Shoals:4 | Reached skill level 10 in Evocations
 41191 | Shoals:4 | Got an azure gem with 0 turns to spare
 41193 | Shoals:4 | Got a barnacled rune of Zot
 41468 | Vaults:1 | Entered Level 1 of the Vaults
 42843 | Vaults:1 | Noticed Zenata
 43058 | Vaults:1 | Killed Zenata
 43550 | Vaults:1 | Received a gift from Trog
 43783 | Vaults:1 | Found Qawol's General Store.
 43913 | Vaults:1 | Bought a scroll of fear for 60 gold pieces
 45721 | Vaults:2 | Reached XP level 19. HP: 124/195 MP: 18/18
 46639 | Vaults:2 | Found the +7 lajatang of Order {silver, rMut}
 48112 | Vaults:3 | Received a gift from Trog
 48143 | Vaults:3 | Reached skill level 15 in Shields
 48174 | Vaults:3 | Found a staircase to the Crypt.
 48174 | Vaults:3 | Found an ancient bone altar of Kikubaaqudgha.
 48175 | Vaults:3 | Found a basalt altar of Yredelemnul.
 49450 | Vaults:4 | Found a flickering gateway to a bazaar.
 49460 | Bazaar   | Entered a bazaar
 49460 | Bazaar   | Found Lienisoa's Book Boutique.
 49488 | Bazaar   | Found Cihec's General Store.
 49496 | Bazaar   | Bought a scroll of summoning for 152 gold pieces
 49499 | Bazaar   | Found Ratish's Antique Weapon Boutique.
 49510 | Bazaar   | Found Gazow's Antique Armour Emporium.
 49518 | Bazaar   | Bought a pair of embroidered gloves for 255 gold pieces
 49528 | Bazaar   | Found Huekh's Magic Scroll Emporium.
 49536 | Bazaar   | Bought a scroll of summoning for 152 gold pieces
 49772 | Vaults:4 | Identified the storm talisman of Reixiapt {+Blink rCorr
                  | Dex+6 Slay-6}
 51822 | Vaults:4 | Reached XP level 20. HP: 197/211 MP: 19/19
 51924 | Vaults:4 | Received a gift from Trog
 53102 | Elf:3    | Identified the +12 hand axe "Wiwas" {antimagic, rElec
                  | rPois}
 53498 | Elf:3    | Identified the staff of Zukel {rF+ Str+4 Hexes Fire}
 53667 | Elf:3    | Identified the +9 shortbow "Dousuk" {freeze, rC+}
 53783 | Elf:3    | Paralysed by an air elemental for 1 turns
 53874 | Elf:3    | Found Foynimmo's Armour Emporium.
 54598 | Spider:1 | Reached skill level 27 in Fighting
 54866 | Spider:1 | Found a transporter.
 54869 | Spider:1 | Found a transporter.
 55248 | Spider:2 | Found a glacial archway.
 55293 | IceCv    | Entered an ice cave
 55461 | IceCv    | Received a gift from Trog
 57830 | Spider:3 | Noticed Arachne
 57842 | Spider:3 | Killed Arachne
 57861 | Spider:3 | Gained mutation: Your health recovers twice as slowly from
                  | being drained. [mutagenic glow]
 57886 | Spider:3 | Gained mutation: You occasionally shout uncontrollably at
                  | your foes. [mutagenic glow]
 58122 | Spider:3 | Received a gift from Trog
 59277 | Spider:4 | Entered Level 4 of the Spider Nest
 59297 | Spider:3 | Reached skill level 15 in Long Blades
 59391 | Spider:4 | Reached XP level 21. HP: 224/224 MP: 20/20
 59820 | Spider:4 | Identified the serpent talisman of Distant Shores {*Corrode
                  | rElec Str-5 Slay+6}
 59820 | Spider:4 | Noticed Aizul
 59845 | Spider:4 | Killed Aizul
 59981 | Spider:4 | Noticed Asterion
 60134 | Spider:4 | Killed Asterion
 60459 | Spider:4 | Received a gift from Trog
 61579 | Spider:4 | Got a gossamer rune of Zot
 62034 | Crypt:1  | Entered Level 1 of the Crypt
 62078 | Crypt:1  | Reached skill level 1 in Ranged Weapons
 62114 | Crypt:1  | Noticed Saint Roka
 62143 | Crypt:1  | Killed Saint Roka
 62149 | Crypt:1  | Identified the +3 trident of Superiority {holy, rC- rCorr
                  | MP+9 Str+5}
 62263 | Crypt:1  | Reached skill level 5 in Ranged Weapons
 65004 | Depths:1 | Found a gateway to Hell.
 65240 | Depths:1 | Found Xumm's Book Shop.
 66104 | Depths:2 | Found a sparkling altar of Nemelex Xobeh.
 66699 | Depths:2 | Found a one-way gate leading to the halls of Pandemonium.
 66994 | Depths:2 | Identified the ring "Teijel" {rPois rC+}
 67018 | Depths:2 | Noticed a golden dragon
 67035 | Depths:2 | Killed a golden dragon
 67149 | Depths:2 | Found the crystal ball of Wucad Mu {*channel}
 67166 | Depths:2 | Identified the amulet of Cuczolu {rF+ Will- Regen+ Slay+5}
 67183 | Depths:2 | Identified the staff of Usurping Peril {rElec rN+ rCorr
                  | Dex+3 Air}
 67218 | Depths:2 | Noticed Norris
 67244 | Depths:2 | Killed Norris
 67261 | Depths:2 | Reached XP level 22. HP: 146/224 MP: 18/21
 67927 | Depths:3 | Identified the orb of a bailey {*channel, Dex+5}
 67927 | Depths:3 | Noticed Frederick
 68207 | Depths:3 | Identified the +0 robe "Rageag" {Int+3 Dex+4}
 69953 | Crypt:2  | Received a gift from Trog
 70320 | Crypt:2  | Noticed Vv
 70356 | Crypt:2  | Killed Vv
 70495 | Abyss:4  | Cast into level 4 of the Abyss (reaper)
 70503 | Crypt:2  | Escaped the Abyss
 70615 | Crypt:3  | Entered Level 3 of the Crypt
 70973 | Crypt:3  | Found a basalt altar of Yredelemnul.
 71145 | Crypt:3  | Identified 2 scrolls of acquirement
 71153 | Crypt:3  | Acquired the +5 Storm Queen's Shield {shock, Fly rElec}
 71153 | Crypt:3  | Found the +5 Storm Queen's Shield {shock, Fly rElec}
 71166 | Crypt:3  | Acquired the amulet "Ime Kiut" {Faith Rampage rF+++ Dex-5}
 71263 | Crypt:3  | Found the +8 demon blade "Leech" {evervamp, Harm ^Drain
                  | rN+}
 71327 | Crypt:3  | Received a gift from Trog
 71913 | Crypt:3  | Identified the +3 glaive of Punishment {spect, rN+ Will+
                  | Int+4}
 72117 | Crypt:3  | Paralysed by something for 3 turns
 72139 | Crypt:3  | Identified the ring of Ehiloitryt {rPois rF+ rN+ MP+9}
 72150 | Crypt:3  | Reached XP level 23. HP: 109/233 MP: 22/22
 72858 | Crypt:3  | Noticed Jory
 72879 | Crypt:3  | Killed Jory
 72907 | Crypt:3  | Found a staircase to the Tomb.
 73351 | Orc:2    | Bought the +11 plutonium sword {^Contam Stlth-} for 3700
                  | gold pieces
 73351 | Orc:2    | Found the +11 plutonium sword {^Contam Stlth-}
 73728 | Vaults:5 | Entered Level 5 of the Vaults
 73734 | Vaults:5 | Received a gift from Trog
 73735 | Vaults:5 | Reached skill level 10 in Dodging
 73864 | Vaults:5 | Identified the +8 war axe of Starshine {pain, *Rage
                  | ^Fragile rPois rC+ rN+++}
 74120 | Vaults:5 | Reached skill level 10 in Ranged Weapons
 74292 | Vaults:5 | Identified the +7 mace of Contradiction {drain, ^Drain
                  | rCorr Int+5}
 74318 | Vaults:5 | Noticed a dread lich
 74325 | Vaults:5 | Noticed a dread lich
 74355 | Vaults:5 | Killed a dread lich
 74355 | Vaults:5 | Received a gift from Trog
 74398 | Vaults:5 | Identified the ring "Roihaqu" {rC+ rN+ SInv}
 74551 | Vaults:5 | Identified the +8 falchion of Richekul {antimagic, +Blink
                  | rPois Will- SInv}
 74684 | Vaults:5 | Noticed a dread lich
 74704 | Vaults:5 | Gained mutation: Your magical capacity is low. (-10% MP) [a
                  | shining eye]
 75899 | Vaults:5 | Killed a dread lich
 75916 | Vaults:5 | Identified the +5 ring mail of the Lost Path {rN+ rCorr}
 75942 | Vaults:5 | Identified the +4 plate armour "Exiah" {Slay+3}
 75960 | Vaults:5 | Identified the +0 plate armour of Weightlessness {+Blink
                  | rF- Str-5 Dex+7}
 75969 | Vaults:5 | Identified the +9 longbow of Glory {antimagic, *Slow rPois
                  | rC- Int+7}
 76585 | Vaults:5 | Identified the +0 robe of Gokax {rC+ Str+3 Int+4}
 76601 | Vaults:4 | Received a gift from Trog
 76929 | Vaults:5 | Noticed an ancient lich
 76929 | Vaults:5 | Identified the +9 rapier "Cujas" {distort, rElec Int+3
                  | Dex+4}
 77134 | Vaults:4 | Killed a dread lich
 77190 | Vaults:4 | Killed an ancient lich
 77454 | Vaults:5 | Got a silver rune of Zot
 77590 | Vaults:5 | Identified the staff "Grom" {rN+ Str-5 Dex+6 Hexes Necro
                  | Earth}
 78814 | Elf:2    | Bought a manual of Long Blades for 1280 gold pieces
 79720 | Depths:3 | Reached XP level 24. HP: 220/249 MP: 19/19
 79817 | Depths:3 | Found a broken altar of Ashenzari.
 79840 | Depths:3 | Found a shadowy altar of Dithmenos.
 79840 | Depths:3 | Found a one-way gate to the infinite horrors of the Abyss.
 79918 | Depths:3 | Identified the +1 ring mail of the Indestructible God
                  | {-Cast Regen+ Str+2}
 79960 | Depths:3 | Received a gift from Trog
 80686 | Depths:3 | Found an ornate altar of the Wu Jian Council.
 80716 | Depths:3 | Received a gift from Trog
 80845 | Depths:3 | Noticed Xtahua
 80855 | Depths:3 | Xtahua changed into Xtahua the golden dragon
 80855 | Depths:3 | Noticed Xtahua
 80856 | Depths:3 | Killed Xtahua the golden dragon
 81394 | Depths:3 | Found a hide-covered altar of Uskayaw.
 81394 | Depths:3 | Found a one-way gateway to a ziggurat.
 81698 | Depths:3 | Killed Frederick
 81855 | Depths:4 | Entered Level 4 of the Depths
 82676 | Depths:4 | Found a gate to the Realm of Zot.
 82905 | Depths:4 | Found a radiant altar of Vehumet.
 82928 | Depths:4 | Noticed Mennas
 82989 | Zot:1    | Entered Level 1 of the Realm of Zot
 83903 | Zot:1    | Acquired the +3 pair of gauntlets of War {Slay+5}
 83903 | Zot:1    | Found the +3 pair of gauntlets of War {Slay+5}
 83916 | Zot:1    | Gained mutation: Your spells are a little easier to cast,
                  | but a little less powerful. [mutagenic glow]
 83939 | Zot:1    | Gained mutation: You are frail. (-10% HP) [mutagenic glow]
 83976 | Zot:1    | Acquired 915 gold pieces
 84119 | Zot:1    | Noticed a Killer Klown
 84140 | Zot:1    | Killed a Killer Klown
 84262 | Zot:1    | Noticed an orb of fire
 84910 | Zot:1    | Received a gift from Trog
 85365 | Zot:1    | Reached XP level 25. HP: 143/231 MP: 19/19
 86357 | Zot:1    | Killed an orb of fire
 87667 | Zot:2    | Found a transporter.
 87674 | Zot:2    | Noticed boberto's ghost (veteran DgSh)
 87973 | Zot:2    | Found a transporter.
 87973 | Zot:2    | Noticed a Killer Klown
 88122 | Zot:2    | Received a gift from Trog
 88952 | Zot:2    | Identified the +0 halberd "Wixadofi" {antimagic, rElec
                  | rPois Int+4}
 89105 | Zot:2    | Acquired the +2 cloak of Hedging {rElec rC+++ Regen+ Int-5}
 89638 | Zot:2    | Reached skill level 15 in Dodging
 89903 | Zot:3    | Found a transporter.
 90555 | Zot:3    | Noticed a Killer Klown
 90567 | Zot:3    | Killed a Killer Klown
 91272 | Zot:5    | Entered Level 5 of the Realm of Zot
 91426 | Zot:5    | Reached skill level 27 in Long Blades
 91448 | Zot:5    | Received a gift from Trog
 92097 | Zot:5    | Reached XP level 26. HP: 196/239 MP: 19/19
 92921 | Zot:5    | Noticed an ancient lich
 92930 | Zot:5    | Killed an ancient lich
 92964 | Zot:5    | Noticed an ancient lich
 92980 | Zot:5    | Killed an ancient lich
 93099 | Zot:5    | Noticed an orb of fire
 93140 | Zot:5    | Killed an orb of fire
 93155 | Zot:5    | Received a gift from Trog
 93215 | Zot:5    | Noticed a dread lich
 93230 | Zot:5    | Killed a dread lich
 93315 | Zot:5    | Noticed an orb of fire
 93327 | Zot:5    | Killed an orb of fire
 93492 | Zot:5    | Noticed an orb of fire
 93510 | Zot:5    | Gained mutation: You are occasionally teleported next to
                  | monsters. [an orb of fire]
 93512 | Zot:5    | Killed an orb of fire
 93558 | Zot:5    | Noticed an orb of fire
 93566 | Zot:5    | Gained mutation: You expend magic power (3 MP) to
                  | strengthen your wands. [an orb of fire]
 93581 | Zot:5    | Killed an orb of fire
 93623 | Zot:5    | Lost mutation: Your health recovers twice as slowly from
                  | being drained. [potion of mutation]
 93623 | Zot:5    | Lost mutation: You are frail. (-10% HP) [potion of
                  | mutation]
 93623 | Zot:5    | Lost intelligence.
 93623 | Zot:5    | Gained mutation: You are dopey. (Int -2) [potion of
                  | mutation]
 93623 | Zot:5    | Lost mutation: You are dopey. (Int -2) [potion of mutation]
 93623 | Zot:5    | Gained mutation: You have hidden genetic potential. [potion
                  | of mutation]
 93627 | Zot:5    | Lost mutation: You have hidden genetic potential. [potion
                  | of mutation]
 93627 | Zot:5    | Lost mutation: You occasionally shout uncontrollably at
                  | your foes. [potion of mutation]
 93627 | Zot:5    | Lost mutation: Your magical capacity is low. (-10% MP)
                  | [potion of mutation]
 93627 | Zot:5    | Gained mutation: Your muscles are strong. (Str +4, Int/Dex
                  | -1) [potion of mutation]
 93627 | Zot:5    | Gained mutation: You have sharp toenails. [potion of
                  | mutation]
 93627 | Zot:5    | Gained mutation: You are partially covered in iridescent
                  | scales. (AC +2) [potion of mutation]
 93679 | Zot:5    | Got the Orb of Zot
 93684 | Zot:5    | Identified the +3 tower shield of the Vaults {rN++ Int-3}
 94255 | D:$      | Escaped with the Orb!

Illustrated notes

Levels and vault maps discovered:
D:1:      spicycebolla_arrival_transporter_tutorial, layout_loops_ring
D:2:      layout_basic, basic_altar, serial_shops, shop
D:3:      layout_loops_ring, amethyst_overflow_temple_binary, minivault_26,
          uniq_ijyb
D:4:      layout_basic, grunt_temple_overflow_lords_of_destruction,
          hellmonk_overflow_destroyed_library, minmay_misc_feat_x
D:5:      layout_loops_ring, fedhas_altar_3, minmay_temple_entry_slanted,
          nicolae_twisty_statue_hallways, uniq_edmund
D:6:      layout_basic
D:7:      minmay_s_stair_smasher, layout_cave_pools, grunt_qazlal_sundering,
          nicolae_houndstooth_variations
D:8:      layout_cave_pods, mainiacjoe_overflow_surrounded_room,
          mainiacjoe_overflow_paths
D:9:      layout_small_grid, nicolae_uskayaw_murder_on_the_dancefloor
D:10:     layout_layer_cave, regret_index_xom_buried_treasure,
          minmay_lair_entry_lava, uniq_maggie
D:11:     minmay_the_grid_triangle_9x9_recursive_2_mashed
          [minmay_the_grid_triangle_9x9_prize_top_heavy,
          minmay_the_grid_triangle_9x9_minimal,
          minmay_the_grid_triangle_9x9_steps,
          minmay_the_grid_triangle_9x9_skeleton], layout_irregular_city,
          orc_0_dummy, tgw_sif, uniq_snorg, uniq_psyche, uniq_amaemon
D:12:     layout_cross, nicolae_ru_awakened_eye
D:13:     layout_loops_corners, skrybe_vaults_entry_preservation
D:14:     layout_gridville, minmay_misc_feat_square, david_defended_altar_orc
D:15:     gammafunk_enter_depths_forms, layout_grid_maze, serial_shops, shop,
          minmay_misc_feat_cross, uniq_jorgrun
Lair:1:   layout_roguey, lemuel_fruit_fields, serial_bayou_shore_a
Lair:2:   layout_regular_city, dummy_spider_entry, nicolae_quartered_pool_super,
          infiniplex_staircase_pool_2, lemuel_fruit_tree, grunt_megastairs_3,
          uniq_sonja
Lair:3:   layout_gridlike, elwin_shoals_entry_stream,
          cheibrodos_lair_reptile_den
Lair:4:   layout_gridlike, minmay_slime_entry_eyes, uniq_kirke
Lair:5:   minmay_lair_end_enchanted_forest, layout_cave_pods
Shoals:1: layout_shoals, st_shoals_ruin
Shoals:2: layout_shoals
Shoals:3: layout_shoals, nicolae_shoals_hunting_party
Shoals:4: shoals_end_grunt_ice, layout_shoals, nicolae_shoals_lost_giant_temple,
          uniq_polyphemus
Spider:1: gammafunk_boulding_lane, uniq_rupert
Spider:2: layout_spider_delve, portal_ice_cave_entry_ice_simulacra
Spider:3: layout_spider_delve, drop_trap, nicolae_spider_wall_of_niches,
          uniq_arachne
Spider:4: grunt_spider_rune_parallel, uniq_aizul, uniq_asterion
Orc:1:    layout_caves, mines2_david
Orc:2:    st_orc_congregation, layout_caves, basic_altar
Elf:1:    minmay_elf_arrival_circle, layout_loops_corners,
          nicolae_elf_blasts_and_bolts, nicolae_shop_gadgets, uniq_agnes
Elf:2:    nicolae_elf_blades_splatter_lattice [nicolae_blade_entry_antechamber],
          layout_geoelf_diagonals, minmay_shop_grove, uniq_azrael
Elf:3:    minmay_elf_hall_x, layout_loops_corners, serial_shops, shop,
          solitary_fountain, uniq_bai_suzhen, uniq_louise
Vaults:1: vaults_dpeg_spiral, nicolae_vaults_tetromino_Z_1,
          ontoclasm_vaults_pinch, nicolae_vaults_cochlea,
          nicolae_vaults_storage_room_glass, hangedman_vaults_trim,
          vaults_room_ringed_pool, nicolae_vaults_statue_guard,
          nicolae_vaults_trapezoid_lopsided_1, layout_vaults_quadrants,
          serial_shops, nicolae_shop_waterfront, uniq_zenata
Vaults:2: nicolae_vaults_tetromino_L_2, nicolae_vaults_more_shelving_2,
          vaults_dpeg_doors, vaults_room_octagon, grunt_vaults_twisty,
          hangedman_vaults_pinch, nicolae_vaults_double_plus_2,
          vaults_standard_mumra_x, nicolae_vaults_trapezoid_lopsided_1,
          nicolae_vaults_closet_pinwheel_5, nicolae_vaults_security_offices_2,
          hangedman_vaults_stretched_pinwheel, nicolae_vaults_little_squares_4,
          grunt_vaults_hallway_long, vaults_room_grunt_arrival_ludios,
          ontoclasm_vaults_loading_screen, ontoclasm_vaults_gateway,
          layout_vaults_maze
Vaults:3: vaults_room_pools, hangedman_vaults_maws, vaults_room_semicircle,
          minmay_crypt_entry_necro_gods, nicolae_vaults_tetromino_T_2,
          nicolae_vaults_diamond_2, nicolae_vaults_frosty_reception,
          layout_vaults_big_room
Vaults:4: serial_ice_h, nicolae_vaults_apartment_2, nicolae_vaults_meiosis,
          vaults_standard_mumra_lines, nicolae_vaults_variable_pillar_hall,
          vaults_room_corners, v_misc_14, nicolae_vaults_quadrants,
          nicolae_vaults_what_the_h, v_misc_11, hangedman_vaults_variations,
          vaults_room_large_hall, layout_vaults_ring, serial_shops,
          bzr_entry_islet
Vaults:5
Crypt:1:  layout_rooms, st_stairs_2, grunt_megastairs_5,
          grunt_crypt_arrival_guarded_gate, uniq_saint_roka
Crypt:2:  layout_chaotic_city, nicolae_crypt_lurching_hallway,
          grunt_megastairs_4, lemuel_upstairs_altar, uniq_vv
Crypt:3:  grunt_crypt_end_deaths_head
Depths:1: layout_small_grid, grunt_mini_vestibule, kennysheep_generic_room_9,
          serial_bayou_shore_b, minmay_shop_star, hangedman_decor_cross_pass
Depths:2: minmay_fractal_lines_corner, layout_cave_pools,
          kennysheep_cross_bottleneck, pan_entry, hell_entry,
          nemelex_spade_bored_becter, infiniplex_staircase_door_maze,
          uniq_norris
Depths:3: grunt_profane_halls [grunt_profane_loot, grunt_profane_temple_tar,
          grunt_profane_temple_geh, grunt_profane_temple_dis,
          grunt_profane_temple_coc], abyss_entry, hell_entry, uniq_xtahua,
          uniq_frederick
Depths:4: evilmike_zot_entry_basic, layout_cave_shapes, pf_coc_iceberg,
          lemuel_round_altar, minmay_room_of_horrors,
          roderic_lattice_octagonal_star, uniq_mennas
Zot:1:    grunt_zot_stairs_mandelzot, layout_basic, grunt_megastairs_1
Zot:2:    minmay_elemental_castle, layout_cathedral_of_symmetry,
          gammafunk_ghost_abyssal_escape, uniq_tiamat
Zot:3:    layout_misc_corridors, st_small_dragon_hoard_5, grunt_ministairs_2,
          nicolae_diode_basic
Zot:4:    layout_twisted_circle, regret_index_zotdec_glowing_original
Zot:5:    layout_basic

Skill      XL: |  1  2  3  4  5  6  7  8  9 10 11 12 13 14 15 16 17 18 19 20 21 22 23 24 25 26 |
---------------+-------------------------------------------------------------------------------+-----
Fighting       | 4 5 6 7 10 12 14 16 17 20 22 23 25 27 | 27.0
Long Blades    | 4 10 15 17 18 19 25 27 | 27.0
Armour         | 1 3 5 9 10 15 16 17 20 | 20.0
Evocations     | 1 3 5 6 8 9 12 13 | 13.5
Maces & Flails | 5 9 11 13 | 13.8
Throwing       | 4 5 |  5.5
Dodging        | 9 13 16 20 | 20.4
Short Blades   | 12 13 | 13.4
Shields        | 10 12 15 16 20 | 20.7
Ranged Weapons | 8 12 | 12.3

Action                     |  1- 3 |  4- 6 |  7- 9 | 10-12 | 13-15 | 16-18 | 19-21 | 22-24 | 25-27 || total
---------------------------+-------+-------+-------+-------+-------+-------+-------+-------+-------++-------
  Melee: Falchion          |    76 |    78 |    58 |       |       |       |       |       |       ||   212
         Headbutt          |    11 |    27 |    65 |    64 |   487 |   662 |  1003 |   801 |   258 ||  3378
         Dire flail        |       |       |   225 |   282 |       |       |       |       |       ||   507
         Unarmed           |       |       |    14 |       |       |       |    16 |       |       ||    30
         Rapier            |       |       |       |       |   630 |       |       |       |       ||   630
         Punch             |       |       |       |       |    11 |       |       |       |       ||    11
         Demon blade       |       |       |       |       |   927 |  2126 |  2636 |  1314 |       ||  7003
         Hand axe          |       |       |       |       |       |       |   111 |   162 |       ||   273
         Lajatang          |       |       |       |       |       |       |    28 |       |       ||    28
         Triple sword      |       |       |       |       |       |       |       |   629 |   746 ||  1375
   Fire: Arbalest          |       |       |       |       |    10 |       |       |       |       ||    10
         Hand cannon       |       |       |       |       |       |       |    43 |   132 |       ||   175
  Throw: Dart              |       |     1 |       |    15 |    43 |     1 |    12 |       |       ||    72
         Throwing net      |       |       |       |       |       |     1 |       |       |       ||     1
 Invoke: Berserk           |       |       |     2 |     1 |    20 |    13 |    16 |    14 |    14 ||    80
         Trog's Hand       |       |       |       |     1 |    12 |    26 |    25 |    18 |    10 ||    92
         Brothers in Arms  |       |       |       |       |     5 |     3 |     8 |     4 |     3 ||    23
  Evoke: Wand              |       |     3 |    14 |    22 |    66 |    46 |    37 |    31 |     8 ||   227
         Phantom mirror    |       |       |       |       |     2 |     3 |     6 |     1 |     1 ||    13
         Sack of spiders   |       |       |       |       |       |     1 |     2 |     3 |     2 ||     8
         Phial of floods   |       |       |       |       |       |       |       |     1 |     2 ||     3
         Lightning rod     |       |       |       |       |       |       |       |     5 |     1 ||     6
    Use: Scroll            |     2 |     7 |     5 |     5 |    12 |    15 |    19 |    27 |    16 ||   108
         Potion            |       |       |       |     1 |     3 |     1 |     6 |    23 |    18 ||    52
   Stab: Distracted        |       |       |       |       |     1 |     4 |     5 |     6 |     2 ||    18
         Held in net/web   |       |       |       |       |       |       |     2 |       |       ||     2
 Armour: Robe              |    12 |       |       |       |       |       |       |       |       ||    12
         Chain mail        |    30 |    55 |   275 |   250 |   731 |       |       |       |       ||  1341
         Plate armour      |       |       |       |       |   338 |  1213 |  1467 |  1355 |   928 ||  5301
         Skin              |       |       |       |       |       |       |     6 |       |       ||     6
  Dodge: Dodged            |    46 |    36 |   137 |   114 |   914 |   720 |   734 |   591 |   503 ||  3795
  Block: Tower shield      |       |       |       |       |       |  1411 |  2868 |   606 |       ||  4885
         Kite shield       |       |       |       |       |       |       |       |   665 |       ||   665
